Map: [ESL] Data-C

Players

GuMiho - Winner!

  • Race: Terran Terran
  • Spawn Location: 9:00

GungFuBanDa

  • Race: Protoss Protoss
  • Spawn Location: 3:00

Event: DreamHack SC2 Masters 2022 Atlanta (Offline)

VOD

Have the link to the VOD?

Description

Time

  • Played on: Nov. 18, 2022, 7:20 p.m.
  • Length: 14:24

All games in this series

Show
View Real Time Build Order
Export as new Build Order

GuMiho Terran - Winner!

Build Orders:  

Get SALT Encoding   

  12  0:00  SCV  
  13  0:12  SCV  
  14  0:17  Supply Depot  
  14  0:24  SCV  
  15  0:38  SCV  
  15  0:40  Barracks  
  16  0:44  Refinery  
  16  0:50  SCV  
  16  0:52  Refinery  
  17  1:02  SCV  
  18  1:14  SCV  
  19  1:27  Reaper, Orbital Command  
  19  1:29  Supply Depot  
  20  1:43  Factory  
  20  1:52  SCV  
  21  1:59  Reaper  
  22  2:05  SCV  
  23  2:17  SCV  
  24  2:24  Command Center  
  24  2:27  Widow Mine  
  24  2:29  SCV  
  27  2:37  Supply Depot  
  27  2:40  Barracks Reactor  
  27  2:41  SCV  
  28  2:48  Starport  
  28  2:53  Widow Mine  
  28  2:55  SCV  
  31  3:07  SCV  
  32  3:14  Widow Mine  
  32  3:17  Marine x2  
  36  3:21  SCV  
  37  3:27  Medivac  
  39  3:36  SCV  
  39  3:37  Marine x2  
  39  3:38  Factory Tech Lab, Orbital Command  
  42  3:45  Supply Depot  
  42  3:48  SCV  
  43  3:53  Refinery  
  43  3:55  Marine x2  
  44  4:00  SCV  
  44  4:02  Factory Tech Lab  
  46  4:05  Supply Depot  
  46  4:07  Raven  
  48  4:10  Barracks  
  48  4:13  Marine  
  48  4:16  Marine  
  51  4:17  SCV  
  51  4:18  SCV  
  51  4:23  Siege Tank  
  55  4:31  Marine  
  54  4:33  Marine  
  54  4:36  SCV x2  
  57  4:44  Supply Depot  
  57  4:48  SCV x2, Marine  
  57  4:50  Engineering Bay  
  57  4:51  Marine  
  59  4:55  Siege Tank  
  62  5:00  SCV x2  
  62  5:04  Stimpack  
  62  5:05  Marine  
  62  5:06  Marine  
  66  5:08  Supply Depot  
  66  5:10  Starport Reactor  
  66  5:12  SCV  
  67  5:18  SCV, Terran Infantry Weapons Level 1  
  68  5:26  SCV  
  69  5:30  SCV  
  69  5:31  Barracks  
  69  5:33  Marine x3  
  69  5:35  Factory Reactor  
  73  5:39  SCV  
  73  5:42  SCV  
  75  5:43  Supply Depot  
  75  5:47  Medivac  
  75  5:48  Medivac  
  79  5:51  SCV  
  79  5:52  Marauder  
  83  5:57  SCV  
  83  6:03  SCV  
  84  6:09  SCV  
  83  6:13  Marauder  
  83  6:15  SCV  
  83  6:17  Medivac  
  84  6:18  Medivac  
  84  6:21  Command Center  
  88  6:25  Marauder  
  88  6:26  Marine  
  83  6:34  Marauder  
  80  6:45  Marine x2  
  80  6:47  Medivac, Marauder, Widow Mine  
  80  6:48  Medivac, Widow Mine  
  80  6:53  Barracks  
  88  6:55  SCV x2  
  88  6:56  Marauder  
  88  7:00  Barracks  
  88  7:01  Supply Depot  
  89  7:12  Marauder  
  87  7:15  Marine x2  
  87  7:17  Concussive Shells, Widow Mine, Marauder  
  87  7:22  Refinery  
  95  7:23  Liberator, Widow Mine  
  98  7:30  SCV  
  98  7:32  SCV  
  98  7:33  Marine x3  
  103  7:38  Missile Turret  
  103  7:39  Orbital Command  
  103  7:42  Combat Shield  
  103  7:43  SCV  
  104  7:48  SCV  
  104  7:49  Terran Infantry Armor Level 1  
  105  7:52  Barracks Reactor  
  105  7:54  Barracks Tech Lab, Marine x2  
  105  7:55  Marine  
  105  7:57  Marine  
  109  7:59  SCV  
  109  8:01  SCV  
  109  8:04  Supply Depot  
  109  8:05  Supply Depot, SCV  
  111  8:11  SCV  
  113  8:13  SCV, Marine x2  
  113  8:18  SCV, Marauder x2  
  113  8:19  Marauder  
  123  8:24  SCV, Missile Turret  
  123  8:25  SCV  
  125  8:29  Ghost Academy  
  125  8:30  SCV  
  125  8:32  Refinery, Marine  
  125  8:33  Marine  
  125  8:34  Refinery  
  127  8:35  Marine  
  128  8:42  Supply Depot  
  128  8:43  Supply Depot  
  128  8:44  Supply Depot, SCV x2  
  128  8:47  Armory  
  128  8:48  SCV  
  131  8:52  Marauder x2  
  137  8:55  Marauder  
  137  9:00  Marine x2  
  137  9:02  Marine x2  
  141  9:12  Ghost  
  141  9:13  Ghost  
  141  9:14  Enhanced Shockwaves  
  141  9:16  Ghost  
  147  9:19  Supply Depot  
  147  9:20  Supply Depot  
  147  9:33  Command Center  
  146  9:38  Engineering Bay  
  146  9:42  Terran Infantry Weapons Level 2  
  146  9:45  Marauder x2, Marine x2  
  150  9:46  Marauder  
  150  9:48  Marine x2  
  85  10:00  Medivac x2, Widow Mine x2  
  158  10:03  Marine x2  
  164  10:10  Marauder x2, Marine  
  168  10:15  Marauder, Marine  
  168  10:21  Widow Mine x2, Marine  
  175  10:23  SCV x3, Terran Infantry Armor Level 2  
  179  10:33  Marauder  
  181  10:39  Personal Cloaking, Marine  
  181  10:45  Marauder, Marine  
  181  10:55  Missile Turret  
  176  10:58  Marauder x2, Marine  
  178  11:07  Marauder  
  179  11:13  Marine  
  179  11:15  Medivac x2, Widow Mine x2  
  186  11:19  Marauder  
  186  11:20  Marauder  
  187  11:28  Marauder  
  152  11:41  Marauder x2  
  152  11:43  Marine x2  
  152  11:44  Widow Mine x2  
  164  11:47  Marine x2  
  164  11:49  Marauder  
  164  11:51  Viking x2  
  166  11:55  Planetary Fortress  
  166  12:00  Barracks  
  166  12:01  Marine  
  168  12:02  Barracks x2  
  168  12:04  Nuke  
  176  12:16  Ghost x2  
  176  12:17  Ghost  
  176  12:18  Marine x3  
  176  12:25  Medivac x2  
  177  12:44  Ghost  
  177  12:45  Ghost  
  175  12:55  Viking x2  
  175  12:58  Barracks Tech Lab  
  174  12:59  Barracks Reactor, Barracks Tech Lab  
  174  13:02  Refinery  
  174  13:03  Refinery, Command Center  
  174  13:05  Command Center  
  172  13:11  Ghost  
  172  13:13  Ghost  
  174  13:24  Ghost  
  174  13:25  Viking x2  
  180  13:29  Marauder x2  
  180  13:33  Marine  
  176  13:40  Marauder  
  170  13:50  Ghost x2  
  170  13:51  Marine x2  
  170  13:52  Marauder  
  170  13:55  Marauder, Marine x3  
  181  13:57  Marine  
  181  14:01  Marauder  
Show
View Real Time Build Order
Export as new Build Order

GungFuBanDa Protoss 

Build Orders: 1 Gate Expand, Blink Stalkers, Zealot Archon 

Get SALT Encoding   

  12  0:00  Probe  
  13  0:12  Probe  
  14  0:17  Pylon  
  14  0:24  Probe (Chrono Boost)  
  16  0:36  Gateway, Probe (Chrono Boost)  
  16  0:43  Probe (Chrono Boost)  
  16  0:45  Assimilator  
  17  0:50  Probe  
  18  1:03  Probe  
  19  1:15  Probe  
  20  1:24  Cybernetics Core  
  20  1:33  Nexus  
  20  1:37  Probe  
  21  1:45  Pylon  
  21  1:49  Probe  
  22  1:54  Assimilator  
  22  2:00  Adept (Chrono Boost)  
  22  2:01  Probe  
  22  2:05  Warp Gate  
  25  2:13  Probe  
  26  2:17  Pylon  
  26  2:23  Stalker  
  26  2:26  Probe (Chrono Boost)  
  28  2:36  Probe (Chrono Boost)  
  29  2:37  Shield Battery  
  29  2:41  Probe (Chrono Boost)  
  30  2:46  Twilight Council  
  30  2:48  Probe (Chrono Boost)  
  31  2:58  Probe x2 (Chrono Boost)  
  33  3:00  Stalker  
  33  3:04  Probe  
  33  3:05  Probe  
  37  3:17  Probe (Chrono Boost), Gateway  
  37  3:19  Probe (Chrono Boost)  
  39  3:20  Blink (Chrono Boost)  
  40  3:35  Probe (Chrono Boost)  
  40  3:36  Probe (Chrono Boost)  
  40  3:38  Robotics Facility  
  42  3:41  Probe (Chrono Boost)  
  42  3:44  Assimilator  
  42  3:48  Pylon  
  42  3:51  Probe  
  42  3:53  Stalker  
  42  3:54  Probe  
  46  3:57  Pylon  
  46  4:07  Probe x2  
  48  4:10  Pylon  
  48  4:14  Sentry  
  48  4:16  Stalker  
  52  4:19  Probe x2  
  54  4:24  Pylon  
  54  4:31  Probe  
  55  4:35  Probe  
  55  4:36  Observer  
  55  4:37  Stalker  
  56  4:39  Stalker  
  58  4:52  Nexus  
  58  4:53  Probe  
  58  4:54  Probe  
  61  5:02  Assimilator  
  61  5:05  Probe  
  61  5:06  Probe  
  63  5:09  Immortal (Chrono Boost)  
  64  5:17  Pylon  
  46  5:21  Charge (Chrono Boost)  
  64  5:22  Gateway x2  
  64  5:39  Gateway  
  64  5:40  Gateway  
  63  5:43  Stalker x2  
  63  5:44  Probe  
  63  5:45  Observer  
  63  5:49  Shield Battery  
  69  5:52  Probe  
  69  5:55  Gateway  
  69  6:11  Probe  
  67  6:16  Zealot x2  
  70  6:31  Probe  
  71  6:34  Probe  
  66  6:43  Probe (Chrono Boost)  
  66  6:47  Probe (Chrono Boost)  
  66  6:50  Templar Archives  
  63  6:55  Probe (Chrono Boost)  
  63  6:57  Probe (Chrono Boost)  
  63  7:00  Probe (Chrono Boost)  
  65  7:02  Probe (Chrono Boost)  
  65  7:08  Warp Prism (Chrono Boost)  
  64  7:15  Stalker x3  
  66  7:19  Stalker  
  67  7:24  Observer  
  67  7:35  High Templar x2  
  67  7:36  Sentry  
  73  7:38  Zealot x2  
  73  7:39  Archon  
  73  7:41  Pylon  
  77  7:48  Pylon  
  77  7:59  Psionic Storm  
  77  8:02  Nexus  
  77  8:05  High Templar x2  
  81  8:10  Zealot x5  
  91  8:14  Observer  
  91  8:21  Probe x2  
  91  8:22  Pylon  
  93  8:33  Probe  
  94  8:35  Shield Battery  
  94  8:37  Pylon  
  94  8:42  Probe  
  94  8:44  Forge  
  94  8:45  Probe  
  94  8:47  Pylon  
  94  8:48  High Templar x2, Pylon  
  96  8:51  Observer  
  96  8:55  Probe  
  101  9:04  Zealot x4  
  101  9:09  Observer  
  108  9:15  Probe  
  108  9:16  Probe  
  110  9:20  Stalker  
  112  9:27  High Templar  
  112  9:30  Photon Cannon, Probe  
  115  9:32  Observer, Assimilator  
  115  9:33  Assimilator  
  115  9:38  Zealot x2, Immortal (Chrono Boost)  
  119  9:43  Probe  
  124  9:45  Robotics Bay  
  124  9:46  Protoss Ground Weapons Level 1 (Chrono Boost)  
  124  9:50  Stalker  
  126  9:59  Probe x2  
  127  10:02  Zealot x2  
  127  10:03  Zealot  
  131  10:22  Probe  
  131  10:23  Probe  
  133  10:29  Robotics Facility  
  133  10:30  Stalker x2  
  133  10:31  Zealot x2, Extended Thermal Lance (Chrono Boost)  
  133  10:34  Pylon  
  141  10:40  Pylon  
  131  10:57  Zealot x7  
  131  11:00  Colossus (Chrono Boost)  
  147  11:17  Observer  
  145  11:20  Zealot x6  
  153  11:31  Archon  
  143  11:32  Colossus (Chrono Boost)  
  143  11:35  Probe  
  116  11:44  Warp Prism (Chrono Boost)  
  106  11:49  Zealot x6  
  116  11:54  Probe  
  116  12:02  Photon Cannon  
  116  12:11  Shield Battery  
  116  12:12  Disruptor, Pylon  
  119  12:16  High Templar x4  
  119  12:17  Stalker x2  
  119  12:20  Observer  
  119  12:21  Archon x2  
  119  12:22  Probe x2  
  132  12:34  Gateway  
  132  12:35  Pylon  
  132  12:40  Disruptor (Chrono Boost)  
  132  12:43  Pylon x2  
  135  12:45  Stalker  
  135  12:49  Pylon  
  131  12:52  Observer  
  131  12:57  Disruptor (Chrono Boost)  
  130  12:59  Stalker x2  
  137  13:12  Disruptor (Chrono Boost)  
  137  13:19  High Templar x2  
  141  13:20  Stalker x2  
  141  13:21  Disruptor (Chrono Boost)  
  141  13:22  Pylon  
  141  13:23  Pylon  
  146  13:36  Observer  
  146  13:44  Zealot  
  146  13:45  Zealot x4  
  146  13:47  Archon  
  99  14:11  Stalker x5  
  99  14:12  Stalker x2  
Tags
 
Add a new tag
Caveats
  • Supply blocks, unpowered buildings, or Contaminate may cause inaccurate times.
  • Supply counts are checked every 10 seconds.